 Dungeon Crawl Stone Soup version 0.28-a0-622-gbaef9634d7 (webtiles) character file.

Game seed: 14742459509084574971

6196 mordus the Cleaver (level 10, -8/69 HPs)
             Began as a Hill Orc Fighter on Oct 7, 2021.
             Was an Elder of Beogh.
             Mangled by a two-headed ogre (19 damage)
             ... on level 9 of the Dungeon.
             The game lasted 00:19:40 (10806 turns).

mordus the Cleaver (Hill Orc Fighter)              Turns: 10806, Time: 00:19:40

Health: -8/69      AC: 13    Str: 26    XL:     10   Next: 91%
Magic:  10/10      EV: 11    Int:  8    God:    Beogh [****..]
Gold:   626        SH:  6    Dex: 10    Spells: 9/9 levels left

rFire   . . .      SeeInvis +   w - +2 war axe (flame)
rCold   . . .      Faith    +   c - +0 buckler
rNeg    + . .      Spirit   .   u - +0 acid dragon scales
rPois   .          Reflect  .   b - +1 helmet
rElec   .          Harm     .   y - +0 cloak
rCorr   +          Rampage  .   K - +0 pair of gloves
Will    .....                   (no boots)
Stlth   +.........              j - amulet of faith
HPRegen 0.21/turn               h - ring of positive energy
MPRegen 0.12/turn               A - ring "Susoghec" {Wiz Str+5}

@: no status effects
A: see invisible, frail 1, weak 1
a: Renounce Religion, Smiting, Recall Orcish Followers


You were on level 9 of the Dungeon.
You worshipped Beogh.
Beogh was greatly pleased with you.
You visited 1 branch of the dungeon, and saw 9 of its levels.

You collected 626 gold pieces.

Inventory:

Hand Weapons
 a - a +0 war axe of freezing
 v - a +2 hand axe of electrocution
 w - a +2 war axe of flaming (weapon)
Armour
 b - a +1 helmet (worn)
 c - a +0 buckler (worn)
 e - a +2 tower shield
 l - a +0 chain mail
 u - +0 acid dragon scales (worn)
 y - a +0 cloak (worn)
 z - +0 steam dragon scales
 K - a +0 pair of gloves (worn)
Jewellery
 h - a ring of positive energy (left hand)
 j - an amulet of faith (around neck)
 q - a ring of magical power
 s - an amulet of magic regeneration
 A - the ring "Susoghec" (right hand) {Wiz Str+5}
   (You found it on level 5 of the Dungeon)

   [ring of wizardry]

   It improves your spell success rate.
   Str:       It affects your strength (+5).
Wands
 g - a wand of paralysis (10)
 B - a wand of polymorph (10)
 J - a wand of flame (44)
 L - a wand of digging (2)
Scrolls
 i - 5 scrolls of teleportation
 k - 2 scrolls of vulnerability
 p - 3 scrolls of identify
 r - 2 scrolls of enchant weapon
 E - a scroll of magic mapping
 F - a scroll of holy word
 G - 2 scrolls of amnesia
 I - 2 scrolls of enchant armour {unknown}
Potions
 d - 2 potions of might
 f - 8 potions of curing
 m - a potion of ambrosia
 n - 3 potions of lignification
 o - 2 potions of flight
 t - 2 potions of attraction
 x - a potion of magic
 C - 2 potions of brilliance
 D - 3 potions of heal wounds
 H - 3 potions of mutation


   Skills:
 - Level 3.6 Fighting
 * Level 14.8 Axes
 + Level 9.5 Armour
 + Level 9.4 Shields


You had 9 spell levels left.
You didn't know any spells.
Your spell library contained the following spells:

 Spells                   Type           Power      Damage    Failure   Level
 Alistair's Intoxication  Tmut/Pois      0%         N/A       99%         5
 Borgnjor's Vile Clutch   Necr/Erth      0%         N/A       99%         5
 Dispersal                Tloc           0%         N/A       100%        6
 Eringya's Noxious Bog    Tmut/Pois      0%         N/A       100%        6
 Disjunction              Tloc           0%         N/A       100%        8


Dungeon Overview and Level Annotations

Branches:
Dungeon (9/15)             Temple (0/1) D:6
   Lair: D:8-11         Orc: D:9-12

Altars:
Elyvilon
Hepliaklqana
Kikubaaqudgha
Nemelex Xobeh
Qazlal
Wu Jian
Xom

Shops:
D:3 :

Annotations:
D:4 2 runed translucent doors, CryptKilla's ghost, amateur OgAM


Innate Abilities, Weirdness & Mutations

You have supernaturally acute eyesight. (SInv)
You are frail. (-10% HP)
You are weak. (Str -2)


Message History

HP restored.
Found an escape hatch in the floor.
J - a wand of flame (44) (gained 20 charges)
Found a pair of gloves.
Found a trident.
Found a robe.
f - 7 potions of curing (gained 1)
A two-headed ogre comes into view. It is wielding two +0 giant clubs.
Found a potion of curing.
The two-headed ogre shouts in stereo!
A two-headed ogre is nearby!
f - 8 potions of curing (gained 1)
There are no items here.
You hit the two-headed ogre. You burn the two-headed ogre.
The two-headed ogre is lightly wounded.
The two-headed ogre barely misses you. The two-headed ogre closely misses you.
You barely miss the two-headed ogre.
The two-headed ogre is lightly wounded.
You slash the two-headed ogre! You burn the two-headed ogre.
The two-headed ogre is heavily wounded.
The two-headed ogre hits you with a +0 giant club!
You block the two-headed ogre's attack.
You slash the two-headed ogre! You burn the two-headed ogre.
The two-headed ogre is severely wounded.
The two-headed ogre hits you with a +0 giant club! x2
You hit the two-headed ogre. You burn the two-headed ogre.
The two-headed ogre is severely wounded.
You slash the two-headed ogre! You burn the two-headed ogre.
The two-headed ogre is almost dead.
The two-headed ogre closely misses you.
The two-headed ogre hits you with a +0 giant club!
* * * LOW HITPOINT WARNING * * *
You hit the two-headed ogre. You burn the two-headed ogre.
The two-headed ogre is almost dead.
You completely miss the two-headed ogre.
The two-headed ogre is almost dead.
The two-headed ogre hits you with a +0 giant club!
* * * LOW HITPOINT WARNING * * *
The two-headed ogre hits you with a +0 giant club!!
You die...

...... ##+###
... .....
......
####.#....
###O.......##
###
#.@#.........
...
###.#..#.....
...
###.#...#..#
###
#....#.....#
#.###.......#
###.....#...#
#.#.#......#
[###.#..#....#
#..##..#.....#


You could see a two-headed ogre.

Vanquished Creatures
  A two-headed ogre (D:8)
  Maurice (D:9)
  A gargoyle (D:6)
  2 slime creatures (D:6)
  8 yaks
  2 steam dragons
  An acid dragon (D:4)
  A water moccasin (D:8)
  A black bear (D:5)
  An orc warrior (D:7)
  2 sky beasts
  2 ice beasts
  5 ogres
  2 centaurs
  Blork the orc (D:4)
  6 kobold brigands
  2 bullfrogs
  A scorpion (D:5)
  5 wights (D:8)
  A howler monkey (D:6)
  4 bullfrog zombies
  A centaur zombie (D:7)
  10 jellies
  2 hounds
  An orc priest (D:6)
  A gnoll shaman (D:4)
  2 iguanas (D:4)
  2 orc wizards
  A hound zombie (D:4)
  Robin (D:3)
  12 gnolls
  5 adders
  A white imp (D:6)
  2 worms
  A dart slug (D:2)
  12 orcs
  10 ball pythons
  10 endoplasms
  4 giant cockroaches
  15 goblins
  11 hobgoblins
  3 jackals (D:1)
  5 quokkas
  5 bats
  5 frilled lizards
  16 kobolds
  5 rats
193 creatures vanquished.

Vanquished Creatures (others)
  2 orcs
  A bush (D:3)
  2 fungi (D:6)
  8 toadstools (D:6)
13 creatures vanquished.

Grand Total: 206 creatures vanquished

Notes
Turn   | Place    | Note
-------+----------+-------------------------------------------
     0 | D:1      | mordus the Hill Orc Fighter began the quest for the Orb.
     0 | D:1      | Reached XP level 1. HP: 19/19 MP: 1/1
    46 | D:1      | Reached skill level 3 in Axes
   274 | D:1      | Reached XP level 2. HP: 26/26 MP: 2/2
   768 | D:1      | Reached XP level 3. HP: 31/31 MP: 3/3
  1356 | D:2      | Reached skill level 4 in Axes
  1789 | D:2      | Reached XP level 4. HP: 39/39 MP: 4/4
  2150 | D:2      | Became a worshipper of Beogh the Brigand
  2820 | D:3      | Found a faded altar of an unknown god.
  2981 | D:3      | Found Akhirr's Book Boutique.
  3036 | D:3      | Noticed Robin
  3102 | D:3      | Reached skill level 5 in Axes
  3118 | D:3      | Killed Robin
  3119 | D:3      | Reached XP level 5. HP: 37/45 MP: 5/5
  3130 | D:3      | Reached * piety under Beogh
  3283 | D:3      | Found an ancient bone altar of Kikubaaqudgha.
  3570 | D:4      | Found a runed translucent door.
  3584 | D:4      | Noticed CryptKilla's ghost (amateur OgAM)
  3871 | D:4      | Identified the +1 robe of Ignis's Benevolence {rN+ Regen+
                  | Int+3 Dex-4}
  3998 | D:4      | Noticed an acid dragon
  4006 | D:4      | Killed an acid dragon
  4007 | D:4      | Reached skill level 6 in Axes
  4007 | D:4      | Reached XP level 6. HP: 28/51 MP: 6/6
  4260 | D:4      | Reached skill level 7 in Axes
  4260 | D:4      | Reached skill level 5 in Armour
  4260 | D:4      | Reached skill level 5 in Shields
  4263 | D:4      | Reached XP level 7. HP: 30/57 MP: 7/7
  4437 | D:4      | Found a runed translucent door.
  4437 | D:4      | Noticed Blork the orc
  4444 | D:4      | Killed Blork the orc
  4731 | D:4      | Reached ** piety under Beogh
  4778 | D:5      | Entered Level 5 of the Dungeon
  4866 | D:5      | Noticed a steam dragon
  4871 | D:5      | Killed a steam dragon
  4872 | D:5      | Reached skill level 8 in Axes
  5071 | D:5      | Reached XP level 8. HP: 17/64 MP: 8/8
  5340 | D:5      | Identified the ring "Susoghec" {Wiz Str+5}
  5619 | D:4      | Reached skill level 9 in Axes
  5926 | D:5      | Reached skill level 10 in Axes
  6312 | D:6      | Found a staircase to the Ecumenical Temple.
  6597 | D:6      | Reached XP level 9. HP: 68/70 MP: 9/9
  6607 | D:6      | Noticed a gargoyle
  6613 | D:6      | Killed a gargoyle
  6614 | D:6      | Reached skill level 11 in Axes
  6753 | D:6      | Reached *** piety under Beogh
  7164 | D:6      | Reached skill level 12 in Axes
  8239 | D:7      | Found a shimmering altar of Xom.
  8329 | D:7      | Reached XP level 10. HP: 71/77 MP: 10/10
  8401 | D:7      | Reached skill level 13 in Axes
  9223 | D:8      | Gained mutation: You are frail. (-10% HP) [potion of
                  | mutation]
  9223 | D:8      | Gained mutation: You are weak. (Str -2) [potion of
                  | mutation]
  9223 | D:8      | Gained mutation: You have supernaturally acute eyesight.
                  | (SInv) [potion of mutation]
  9565 | D:8      | Noticed a two-headed ogre
  9572 | D:8      | Killed a two-headed ogre
  9623 | D:8      | Reached skill level 14 in Axes
 10383 | D:9      | Reached **** piety under Beogh
 10540 | D:9      | Found a white marble altar of Elyvilon.
 10542 | D:9      | Found an ornate altar of the Wu Jian Council.
 10542 | D:9      | Found a stormy altar of Qazlal.
 10544 | D:9      | Found a sparkling altar of Nemelex Xobeh.
 10544 | D:9      | Found a hazy altar of Hepliaklqana.
 10545 | D:9      | Noticed Maurice
 10743 | D:9      | Killed Maurice
 10791 | D:9      | Noticed a two-headed ogre
 10806 | D:9      | Mangled by a two-headed ogre

Illustrated notes

Levels and vault maps discovered:
D:1:      evilmike_arrival_plus, layout_basic, corner_web_ring
D:2:      layout_basic, interstate_on_off
D:3:      layout_loops_ring, kiku_gazebo_pond_becter, serial_shops,
          nicolae_shop_statue_plus, hellmonk_ecumenical_altar_heavens_door,
          minmay_hedge_maze, uniq_robin
D:4:      layout_cave_pools, serial_park, serial_park_square2,
          serial_park_fountain, serial_park_square3
          [serial_park_minivault_5x5_7], ebering_ghost_sewer_f,
          uniq_blork_the_orc
D:5:      layout_basic
D:6:      cheibrodos_fertilizer, layout_basic, minmay_temple_entry_mini_moons
D:7:      layout_loops_ring, mainiacjoe_overflow_surrounded_room
D:8:      layout_basic
D:9:      layout_irregular_city, grunt_temple_overflow_holy_war,
          grunt_temple_overflow_open, mainiacjoe_overflow_large_starburst,
          minmay_increasing_density, uniq_maurice

Skill      XL: |  1  2  3  4  5  6  7  8  9 10 |
---------------+-------------------------------+-----
Axes           | 3 4 5 6 7 8 10 12 14 | 14.8
Shields        | 4 5 6 8 9 |  9.4
Armour         | 4 5 6 8 9 |  9.5
Fighting       | |  3.6

Action                   |  1- 3 |  4- 6 |  7- 9 | 10-12 || total
-------------------------+-------+-------+-------+-------++-------
Melee: War axe           |   100 |   177 |   214 |   129 ||   620
       Hand axe          |       |    18 |     8 |       ||    26
Invok: Convert to Beogh  |       |     1 |       |       ||     1
       Recall Orcish Fol |       |       |       |     1 ||     1
  Use: Scroll            |       |       |     7 |    10 ||    17
       Potion            |       |       |       |     2 ||     2
Armor: Scale mail        |    39 |    58 |       |       ||    97
       Acid dragon scale |       |    14 |    64 |    35 ||   113
Dodge: Dodged            |    52 |    83 |    74 |    37 ||   246
Block: Buckler           |    17 |    35 |    32 |    18 ||   102

Table legend: (Time is in decaauts)
 A = Elapsed time spent in this place.
 B = Non-inter-level travel time spent in this place.
 C = Inter-level travel time spent in this place.
 D = Time resting spent in this place.
 E = Time spent auto-exploring this place.
 F = Levels seen in this place.
 G = Mean time per level.
                   A        B        C        D        E       F      G
               +--------+--------+--------+--------+--------+-----+--------+
         Total |  10844 |  10577 |    267 |   2976 |   5810 |   9 | 1204.9 |
       Dungeon |  10844 |  10577 |    267 |   2976 |   5810 |   9 | 1204.9 |
               +--------+--------+--------+--------+--------+-----+--------+

Top non-repeatable levels by time:
     D:6: 1946 daAuts
     D:8: 1666 daAuts
     D:2: 1442 daAuts
     D:1: 1320 daAuts
     D:4: 1260 daAuts
     D:5: 1141 daAuts
     D:3: 1048 daAuts
     D:7: 739 daAuts
     D:9: 279 daAuts
